AoeStats
← superhillbilly

Arabia

510414471Analyzed
1v1 RM · 18h ago on Sep 30, 2026· 48m 35s· 2 players
Game mode
Random Map
Map size
Tiny (2 player)
Population
200
Speed
Normal
Resources
Standard
Victory
Conquest
Starting age
Dark Age
Ending age
Imperial Age
RankedLock teamsTeams togetherTeam positionsShared explorationLock speedFull tech treeHidden civsTurbo modeCheats
Victory
Defeat
🇦🇷 Burgundians · Argentina
860
+16
🇺🇸 Malians · United States
852
-16
superhillbilly
9:16 Loom
11:19 Feudal Age
16:57 Castle Age
22:54 Double-Bit Axe
23:34 Scale Barding Armor
25:03 Bow Saw
36:33 Imperial Age
34:48 Forging
36:42 Wheelbarrow
35:51 Horse Collar
41:09 Elite Gbeto
45:06 Chemistry
44:03 Murder Holes
45:48 Light Cavalry
46:39 Bloodlines
46:30 Husbandry
FernandoIV
7:59 Double-Bit Axe
9:58 Loom
12:23 Feudal Age
15:58 Bow Saw
19:09 Castle Age
19:04 Bow Saw
18:39 Horse Collar
22:17 Gold Mining
23:00 Husbandry
23:01 Pikeman
23:56 Forging
23:47 Scale Mail Armor
23:54 Scale Barding Armor
23:55 Squires
25:12 Two-Man Saw
24:14 Heavy Plow
26:25 Chain Mail Armor
28:07 Wheelbarrow
28:25 Cavalier
28:33 Light Cavalry
32:56 Burgundian Vineyards
39:20 Iron Casting
41:46 Imperial Age
42:26 Halberdier
43:08 Hussar
47:13 Crop Rotation
47:20 Gold Shaft Mining
46:35 Stone Mining
48:09 Blast Furnace
47:29 Chain Barding Armor
48:04 Cavalier
Connection lost

Rejoining the realm…

Still unreachable

The connection could not be restored.

Session expired

The server has moved on; the page needs a fresh start.